 Dungeon Crawl Stone Soup version 0.29-a0-994-gc5c9f59d18 (webtiles) character file.

Game seed: 9724334329123452590

5 coolguy69 the Trooper (level 1, -2/11 HPs)
             Began as a Vine Stalker Monk on Aug 3, 2022.
             Frozen to death by an endoplasm (3 damage)
             ... on level 1 of the Dungeon.
             The game lasted 00:00:11 (342 turns).

coolguy69 the Trooper (Vine Stalker Monk)            Turns: 342, Time: 00:00:12

Health: -2/11      AC:  2    Str: 13    XL:     1   Next: 80%
Magic:  0/2        EV: 12    Int: 10    God:
Gold:   32         SH:  0    Dex: 16    Spells: 0/0 levels left

rFire   . . .      SeeInvis .   a - +0 short sword
rCold   . . .      Faith    .   (no shield)
rNeg    . . .      Spirit   +   b - +0 robe
rPois   .          Reflect  .   (no helmet)
rElec   .          Harm     .   (no cloak)
rCorr   .          Rampage  .   (no gloves)
Will    .....                   (no boots)
Stlth   ++........              (no amulet)
HPRegen 0.03/turn               (no ring)
MPRegen 0.08/turn               (no ring)

@: no status effects
A: fangs 2, magic shield, antimagic bite, no potion heal 2
a: no special abilities


You were on level 1 of the Dungeon.
You visited 1 branch of the dungeon, and saw 1 of its levels.

You collected 32 gold pieces.

Inventory:

Hand Weapons
 a - a +0 short sword (weapon)
Armour
 b - a +0 robe (worn)
Potions
 c - a potion of ambrosia
 d - a potion of heal wounds {unknown}
 e - a potion of berserk rage {unknown}


   Skills:
 + Level 2.8 Fighting
 + Level 2.7 Short Blades
 + Level 2.5 Dodging
 + Level 2.5 Stealth


You couldn't memorise any spells.
You didn't know any spells.
Your spell library was empty.

Dungeon Overview and Level Annotations

Branches:
Dungeon (1/15)

Altars:


Innate Abilities, Weirdness & Mutations

You have extremely sharp teeth.
When hurt, damage is shared between your health and your magic reserves.
Your bite disrupts and absorbs the magic of your enemies.
Potions cannot restore your health.


Message History

A ball python comes into view.
A ball python is nearby!
A ball python is nearby!
You closely miss the ball python. The ball python bites you.
The ball python barely misses you.
A ball python is nearby!
You hit the ball python. You bite the ball python.
You kill the ball python!
An endoplasm comes into view.
Found a ring mail.
Found 12 gold pieces.
The endoplasm quivers.
An endoplasm is nearby!
An endoplasm is nearby!
You hit the endoplasm. You bite the endoplasm. You drain its power.
The endoplasm is almost dead.
The endoplasm hits you.
An endoplasm is nearby!
You hit the endoplasm but do no damage.
You punch the endoplasm, but do no damage.
The endoplasm is almost dead.
The endoplasm freezes you.
You are frozen.
You hit the endoplasm but do no damage.
The endoplasm is almost dead.
The endoplasm freezes you.
You are frozen.
* * * LOW HITPOINT WARNING * * *
You are too injured to fight recklessly!
You are too injured to fight recklessly!
You are too injured to fight recklessly!
You are too injured to fight recklessly!
You are too injured to fight recklessly!
An endoplasm is nearby!
You hit the endoplasm but do no damage.
You bite the endoplasm, but do no damage.
The endoplasm is almost dead.
The endoplasm freezes you.
You are frozen.
You die...

#.##.##.#.#
#.##......#### #
#.#####.#..... ..
#.#####.##..#. ...
#........#.... ....
#######.##..####. .....
#...###.##..####.
......##.#..............
#$...@.#.##..#.#.####.
#....[J..#.....#.#.# #.
##....#######......# #.
#..... ..#..#.####.
..#.. .#.#..#......
#.... ............. ##..
. ..#.##...... ...
####.. #..


You could see an endoplasm.

Vanquished Creatures
  A giant cockroach (D:1)
  2 ball pythons (D:1)
  A bat (D:1)
  3 rats (D:1)
7 creatures vanquished.

Notes
Turn   | Place    | Note
-------+----------+-------------------------------------------
     0 | D:1      | coolguy69 the Vine Stalker Monk began the quest for the
                  | Orb.
     0 | D:1      | Reached XP level 1. HP: 11/11 MP: 2/2
   342 | D:1      | Frozen to death by an endoplasm

Illustrated notes

Levels and vault maps discovered:
D:1:      minmay_arrival_open_corners, layout_loops_cross,
          hellmonk_ecumenical_altar_inner_sanctum, serial_shops,
          nicolae_shop_hallway_plus, st_stairs_11, grunt_decor_junction,
          minmay_misc_feat_four_crosses

Action                   || total
-------------------------++-------
Melee: Short sword       ||    23
       Bite              ||     7
       Punch             ||     1
 Stab: Sleeping          ||     2
Armor: Robe              ||     8
Dodge: Dodged            ||    12

Table legend: (Time is in decaauts)
 A = Elapsed time spent in this place.
 B = Non-inter-level travel time spent in this place.
 C = Inter-level travel time spent in this place.
 D = Time resting spent in this place.
 E = Time spent auto-exploring this place.
 F = Levels seen in this place.
 G = Mean time per level.
                   A        B        C        D        E       F      G
               +--------+--------+--------+--------+--------+-----+--------+
         Total |    341 |    341 |      0 |      0 |    287 |   1 |  341.0 |
       Dungeon |    341 |    341 |      0 |      0 |    287 |   1 |  341.0 |
               +--------+--------+--------+--------+--------+-----+--------+

Top non-repeatable levels by time:
     D:1: 341 daAuts
